 Dungeon Crawl Stone Soup version 0.17.0-24-gcfadda4 (webtiles) character file.

265876 HungrySpirit the Swashbuckler (level 20, -12/141 HPs)
             Began as a Halfling Assassin on Nov 15, 2015.
             Was the Champion of Jiyva.
             Mangled by a tengu reaver
             ... wielding a +5 great mace of crushing
              (23 damage)
             ... on level 2 of the Depths.
             The game lasted 02:35:07 (55523 turns).

HungrySpirit the Swashbuckler (Halfling Assassin)  Turns: 55523, Time: 02:35:07

Health: -12/141    AC:  6    Str: 12    XL:     20   Next: 37%
Magic:  27/27      EV: 32    Int: 15    God:    Jiyva [******]
Gold:   1103       SH:  0    Dex: 22    Spells: 7 memorised, 3 levels left

rFire  + + .     SeeInvis +     k - +10 dagger "Bewna" {freeze, rElec Dex+3}
rCold  . . .     Clarity  +     V - +3 leather armour {rF+}
rNeg   . . .     SustAt   .     (shield restricted)
rPois  .         Gourm    .     B - +0 helmet
rElec  +         Spirit   .     d - +0 cloak
rCorr  +         Warding  .     (no gloves)
rMut   .         Stasis   .     u - +1 pair of boots {Fly}
MR     +....                    D - amulet of regeneration
Stlth  +++++++...               a - ring "Mafenkera" {rElec rF+ SInv}
                                C - ring of invisibility

@: lethally poisoned (-12 -> -12), about to teleport, corroded equipment,
flying, somewhat resistant to hostile enchantments, extremely stealthy
A: hooves 1, clarity, mutation resistance 1, shaggy fur 1, wild magic 1, acidic
bite, gelatinous body 1, pseudopods 1, evolution 1
a: Request Jelly, Jelly Paralyse, Slimify, Cure Bad Mutation, Renounce Religion,
Evoke Invisibility, Stop Flying
}: 3/15 runes: decaying, serpentine, slimy


You were on level 2 of the Depths.
You worshipped Jiyva.
Jiyva was exalted by your worship.
You were very full.

You visited 10 branches of the dungeon, and saw 47 of its levels.
You also visited: Ossuary.

You collected 4622 gold pieces.
You spent 3519 gold pieces at shops.

Inventory:

Hand Weapons
 f - a +7 rapier of flaming
 i - a +3 dagger of freezing
 k - the +10 dagger "Bewna" (weapon) {freeze, rElec Dex+3}
   (You found it on level 6 of the Pits of Slime)

   It has been specially enchanted to freeze those struck by it, causing extra
   injury to most foes and up to half again as much damage against particularly
   susceptible opponents.
   It can also slow down cold-blooded creatures.
   It affects your dexterity (+3).
   It insulates you from electricity.
Armour
 d - a +0 cloak (worn)
 u - a +1 pair of boots of flying (worn)
 B - a +0 helmet (worn)
 V - a +3 leather armour of fire resistance (worn)
Jewellery
 a - the ring "Mafenkera" (right hand) {rElec rF+ SInv}
   (You bought it in a shop on level 1 of the Snake Pit)

   [ring of see invisible]

   It protects you from fire.
   It insulates you from electricity.
   It lets you see invisible.
 h - an uncursed ring of protection from fire
 o - an uncursed ring of protection from magic
 x - an uncursed ring of positive energy
 C - a ring of invisibility (left hand)
 D - an amulet of regeneration (around neck)
 F - an uncursed ring of poison resistance
Wands
 y - a wand of cold (10)
 M - a wand of disintegration (9)
 N - a wand of teleportation (8)
 P - a wand of digging (10)
 R - a wand of hasting (4)
 S - a wand of heal wounds (5)
Scrolls
 c - 2 scrolls of recharging
 q - 9 scrolls of identify
 v - 4 scrolls of fear
 w - 6 scrolls of magic mapping
 E - 4 scrolls of teleportation
 G - 13 scrolls of remove curse
 H - 2 scrolls of silence
 I - 2 scrolls of fog
 Q - 5 scrolls of amnesia
 Z - 3 scrolls of enchant armour
Potions
 j - 5 potions of agility
 m - 6 potions of brilliance
 n - 6 potions of curing
 p - a potion of cancellation
 s - 3 potions of haste
 A - 3 potions of magic
 J - 2 potions of cure mutation
 L - 4 potions of might
Books
 b - a book of Battle

   Spells                             Type                      Level
   a - Infusion                       Charms                       1
   b - Shroud of Golubria             Charms/Translocation         2
   c - Song of Slaying                Charms                       2
   d - Spectral Weapon                Hexes/Charms                 3
   e - Regeneration                   Charms/Necromancy            3
 t - a book of Enchantments

   Spells                             Type                      Level
   a - Cause Fear                     Hexes                        4
   b - Silence                        Hexes/Air                    5
   c - Deflect Missiles               Charms/Air                   6
   d - Haste                          Charms                       6
   e - Discord                        Hexes                        8
 T - a book of Party Tricks

   Spells                             Type                      Level
   a - Summon Butterflies             Summoning                    1
   b - Apportation                    Translocation                1
   c - Tukima's Dance                 Hexes                        3
   d - Alistair's Intoxication        Transmutation/Poison         4
   e - Invisibility                   Hexes                        6
Miscellaneous
 O - a box of beasts
 W - a stone of tremors
Comestibles
 g - 14 bread rations
 l - 3 beef jerkies
 r - a slice of pizza
 K - 3 fruits
 U - 13 meat rations
 X - 14 royal jellies


   Skills:
 + Level 13.6 Fighting
 * Level 20.9 Short Blades
 - Level 2.1 Throwing
 + Level 16.8 Dodging
 - Level 14.4 Stealth
 - Level 5.0 Spellcasting
 - Level 11.3 Hexes
 - Level 9.6 Charms
 - Level 8.0 Evocations


You had 3 spell levels left.
You knew the following spells:

 Your Spells              Type           Power        Failure   Level  Hunger
a - Silence               Hex/Air        ####......   82%         5    ######.
b - Haste                 Chrm           #####...     85%         6    #######
c - Repel Missiles        Chrm/Air       ####..       11%         2    ##.....
d - Confuse               Hex            ######..     3%          3    ###....
e - Tukima's Dance        Hex            ######..     3%          3    ###....
f - Summon Butterflies    Summ           #.......     38%         1    None
g - Deflect Missiles      Chrm/Air       ####......   100%        6    #######


Dungeon Overview and Level Annotations

Branches:
Dungeon (15/15)            Temple (1/1) D:4            Lair (8/8) D:11
  Swamp (4/4) Lair:3        Snake (4/4) Lair:6        Slime (6/6) Lair:8
    Orc (4/4) D:12            Elf (1/3) Orc:3        Vaults (1/5) D:14
 Depths (3/5) D:15

Altars:
Ashenzari
Cheibriados
Dithmenos
Elyvilon
Fedhas
Gozag
Kikubaaqudgha
Makhleb
Nemelex Xobeh
Okawaru
Qazlal
Ru
Sif Muna
Trog
Vehumet
Xom
Yredelemnul
Zin
The Shining One
Beogh
Jiyva

Shops:
D:6 =   D:7 !?[   D:10 }   D:15 *   Orc:3 }   Orc:4 (:}:   Snake:1 %}!=

Portals:
Hell: Depths:2
Pandemonium: Depths:2 Depths:3

Annotations:
D:11 Josephine
Slime:6 Royal Jelly
Depths:2 Asterion, Mara


Innate Abilities, Weirdness & Mutations

You are small and have problems with some larger weapons.
You are somewhat resistant to further mutation.
You have large cloven feet.
You possess an exceptional clarity of mind.
You are covered in fur (AC +1).
Your spells are a little harder to cast, but a little more powerful.
You have acidic saliva.
Your rubbery body absorbs attacks (AC +1).
Armour fits poorly on your pseudopods.
You evolve.


Message History

Zapping:
S - a wand of heal wounds (6)
Press: ? - help, Shift-Dir - straight line, f - you You feel much better.
This wand has 5 charges left.
You feel sick. The caustic shrike claws you!!
You are splashed with acid!
The acid corrodes you!
The acid burns!
You resist. The caustic shrike misses you.
The caustic shrike completely misses you.
The caustic shrike closely misses you. The caustic shrike claws you!!
* * * LOW HITPOINT WARNING * * *
You are splashed with acid!
The acid burns!
You resist.
* * * LOW HITPOINT WARNING * * *
The spriggan rider hits you with a spear of flaming.
* * * LOW HITPOINT WARNING * * *
The spriggan rider burns you.
* * * LOW HITPOINT WARNING * * *
The spriggan rider evokes its amulet.
The spriggan rider goes berserk!
The spriggan berserker invokes Trog's protection!
The caustic shrike completely misses you.
The tengu reaver hits you with a great mace of crushing!!
You die...

≈,,#.....##,,,,,++,,,,,##..≈..#..
..##....##*,,,⌠,++,,,,,*##....##.
..#....##*++,,,,**,,,,***##....#.
.####..#,,++*########***,,#..'###
.#,,####,,,*##......##*,,,###'..#
.#,,,,*,,,,##........##i,,,#....#
.#,,,,*,,,,#...Ei.....i.8,,#....#
.#,,*,*,,,,#...QQbEL..'.,,,#.#..#
#*,*,,**++*#..ii@bCE..#*++*#.⌠#.#
##,*8,**++*#..[(bbi:..#*++*#..#.#
T#,,*,*≈≈≈,#..iHCC(...#,,,,#.#..#
.#,,,,+≈≈≈,#..........#,8,,#....#
g#,,,,+≈≈≈,##........##,,,,#....#
T#,,+***,,,*##......##*,,,###'?.#
.#**+,,*,,++*########*++,,#..'###
JG#,,,,***++,,..##...,++*##....#.
..#*,,,,***,,,,.''.⌠.,,*##....##.


You could see Asterion, 4 caustic shrikes, 2 frost giants, a stone giant, 2
tengu reavers, a lich, 5 spriggan riders, 2 spriggan berserkers and 3 air
elementals.

Vanquished Creatures
  A lich (Depths:1)
  Jorgrun (Snake:4)
  2 thorn hunters
  Kirke (D:14)
  2 greater nagas (Snake:4)
  Maud (D:11)
  3 fire giants (Depths:3)
  An iron dragon (Depths:3)
  A very ugly thing (Swamp:3)
  An ironheart preserver (Vaults:1)
  6 stone giants
  Nessos (D:14)
  A deep elf annihilator (Elf:1)
  The ghost of Canard the Stickfighter, a journeyman MiGl of Okawaru (Lair:3)
  4 ettins
  Snorg (D:13)
  2 fire dragons
  7 vault guards (D:14)
  3 yaktaur captains
  5 ogre magi
  3 rakshasas
  2 entropy weavers
  5 naga warriors
  An ice dragon (Depths:3)
  A catoblepas (Lair:8)
  6 anacondas
  7 centaur warriors
  26 hydras
  A ghost crab (Swamp:3)
  3 alligators
  3 spriggan air magi (Depths:2)
  6 tengu warriors
  3 death yaks (Lair:8)
  2 deep troll shamans
  6 orc high priests
  A spriggan berserker (Depths:3)
  A naga sharpshooter (Snake:3)
  Urug (Lair:1)
  3 deep troll earth magi
  A vampire mage (Depths:1)
  2 shock serpents
  Sonja (Orc:3)
  Nergalle (D:11)
  3 deep elf knights (Elf:1)
  5 sea snakes (Snake:4)
  2 iron trolls (Depths:2)
  4 skeletal warriors
  2 unseen horrors
  A sea snake (shapeshifter) (Depths:2)
  8 swamp dragons
  An unseen horror (shapeshifter) (Elf:1)
  7 hill giants
  3 shambling mangroves
  3 naga ritualists
  A deep elf summoner (Elf:1)
  2 deep trolls
  4 deep elf conjurers (Elf:1)
  9 orc knights
  6 griffons
  4 ironbrand convokers
  2 orc sorcerers
  2 phantasmal warriors (Depths:2)
  A hornet (shapeshifter) (D:14)
  A wolf spider (Vaults:1)
  A hornet (Swamp:3)
  4 mana vipers
  12 ugly things
  3 cyclopes
  A manticore (D:14)
  7 salamanders
  8 elephants
  2 guardian serpents
  3 wizards
  Joseph (D:8)
  3 gargoyles
  3 vault sentinels (Vaults:1)
  40 black mambas
  20 spiny frogs
  A torpor snail (Lair:3)
  11 naga magi
  13 yaktaurs
  3 fire drakes
  An efreet (D:15)
  6 komodo dragons
  3 kobold demonologists
  3 deep elf priests
  6 giant leeches
  A merfolk (shapeshifter) (Depths:2)
  A queen bee (shapeshifter) (Depths:2)
  A queen bee (Lair:6)
  2 spriggan druids
  5 polar bears
  9 trolls
  Grinder (D:4)
  7 two-headed ogres
  A freezing wraith (D:15)
  16 slime creatures
  A boulder beetle (Vaults:1)
  8 bog bodies
  27 blink frogs
  A vampire (D:15)
  14 spriggans
  A centaur simulacrum (D:13)
  A tarantella (shapeshifter) (Elf:1)
  A tarantella (Depths:1)
  5 air elementals (Depths:2)
  14 redbacks
  Sigmund (D:4)
  3 wyverns
  9 deep elf magi
  4 basilisks
  16 hippogriffs
  Eustachio (D:5)
  The ghost of chonchonts the Chopper, an amateur MiFi of Okawaru (D:4)
  4 wraiths
  A steam dragon (D:8)
  A hog (D:14)
  A human (D:7)
  4 shadows
  58 yaks
  5 wargs
  8 deep elf fighters (Elf:1)
  25 nagas
  A steam dragon (shapeshifter) (Depths:2)
  36 wolves
  6 insubstantial wisps (Swamp:2)
  20 water moccasins
  A hungry ghost (D:14)
  17 swamp worms
  17 vampire mosquitoes
  25 porcupines
  A mottled dragon (D:13)
  Duvessa (D:7)
  3 ice beasts
  12 swamp drakes
  A wasp (shapeshifter) (Depths:2)
  7 sky beasts
  16 wasps
  28 orc warriors
  2 phantoms
  6 boggarts
  6 black bears
  An eye of draining (D:13)
  20 ogres
  16 crocodiles
  11 centaurs
  2 big kobolds
  5 elf zombies (Ossuary)
  18 giant frogs
  A wyvern zombie (D:13)
  Dowan (D:7)
  A wyvern skeleton (D:12)
  3 scorpions
  27 killer bees
  11 wights
  2 electric eels
  A wasp zombie (D:13)
  5 crimson imps
  5 hounds
  3 giant frog skeletons
  2 centaur zombies
  A giant frog zombie (D:8)
  A quasit (D:10)
  4 centaur skeletons
  6 human zombies (Ossuary)
  6 jellies
  6 worker ants
  35 orc priests
  Jessica (D:2)
  5 iguanas
  24 orc wizards
  27 sheep
  A hound zombie (D:9)
  3 worker ant zombies
  3 mummies (Ossuary)
  77 river rats
  12 adders
  3 shadow imps
  An ooze (D:3)
  An adder zombie (D:5)
  3 worms (D:2)
  4 giant geckos
  198 orcs
  A ball python (D:1)
  7 giant cockroaches
  10 goblins
  9 hobgoblins
  8 jackals
  4 quokkas
  15 bats
  A giant gecko skeleton (D:5)
  A giant gecko zombie (D:4)
  6 giant newts
  A jackal zombie (D:6)
  16 kobolds
  3 quokka skeletons
  10 rats
  2 rat zombies (D:6)
1473 creatures vanquished.

Vanquished Creatures (collateral kills)
  A vault guard (D:14)
  A naga warrior (Snake:4)
  A boggart (Depths:2)
3 creatures vanquished.

Vanquished Creatures (others)
  6 acid blobs
  4 azure jellies
  2 greater nagas (Snake:4)
  A stone giant (Depths:2)
  An ettin (Depths:1)
  A vampire knight (Depths:2)
  3 death oozes (Slime:6)
  A great orb of eyes (Depths:2)
  7 naga warriors (Snake:4)
  2 centaur warriors
  A deep troll earth mage (Depths:3)
  An anaconda (Snake:4)
  A tengu warrior (Depths:2)
  5 naga sharpshooters (Snake:4)
  2 deep troll shamans (Depths:2)
  A shock serpent (Snake:4)
  An iron troll (Depths:2)
  A salamander mystic (Snake:4)
  7 deep trolls
  A flayed ghost (Depths:2)
  2 giant orange brains
  A wizard (Depths:1)
  2 shining eyes (Slime:6)
  A mana viper (Snake:4)
  A black mamba (Snake:4)
  A naga mage (Snake:4)
  A yaktaur (D:15)
  A two-headed ogre (Depths:2)
  44 slime creatures
  2 air elementals (Depths:2)
  2 dancing weapons
  3 humans (D:14)
  A shadow (D:14)
  14 nagas (Snake:4)
  A warg (Orc:4)
  2 orc warriors
  An eye of draining (Slime:6)
  2 ogres
  3 centaurs
  136 jellies
  An orc priest (D:15)
  A worker ant (D:14)
  A white imp (Depths:1)
  2 orcs
  2 briar patches (Swamp:4)
  A bush (D:11)
  35 fungi
  23 plants
336 creatures vanquished.

Grand Total: 1812 creatures vanquished

Notes
Turn   | Place    | Note
--------------------------------------------------------------
     0 | D:1      | HungrySpirit the Halfling Assassin began the quest for the Orb.
     0 | D:1      | Reached XP level 1. HP: 14/14 MP: 1/1
   474 | D:1      | Reached XP level 2. HP: 19/19 MP: 2/2
   664 | D:1      | Found a sparkling altar of Nemelex Xobeh.
   930 | D:2      | Reached XP level 3. HP: 12/24 MP: 3/3
  1813 | D:2      | Reached XP level 4. HP: 15/29 MP: 4/4
  2085 | D:2      | Noticed Jessica
  2104 | D:2      | Killed Jessica
  2626 | D:3      | Reached XP level 5. HP: 30/35 MP: 5/5
  2716 | D:3      | Reached skill level 5 in Stealth
  2966 | D:3      | Reached skill level 5 in Short Blades
  3282 | D:4      | Reached skill level 1 in Evocations
  3292 | D:4      | Found a staircase to the Ecumenical Temple.
  3292 | D:4      | Noticed Grinder
  3301 | D:4      | Killed Grinder
  3301 | D:4      | Reached skill level 6 in Short Blades
  3301 | D:4      | Reached XP level 6. HP: 42/42 MP: 5/7
  3301 | D:4      | Reached XP level 7. HP: 46/46 MP: 5/8
  3333 | Temple   | Entered the Ecumenical Temple
  3648 | D:4      | Noticed chonchonts's ghost (amateur MiFi)
  3697 | D:4      | Killed chonchonts's ghost
  3911 | D:4      | Noticed Sigmund
  3965 | D:4      | Killed Sigmund
  3965 | D:4      | Reached skill level 7 in Short Blades
  3965 | D:4      | Reached XP level 8. HP: 47/52 MP: 8/10
  4388 | D:5      | Entered Level 5 of the Dungeon
  4539 | D:5      | Learned a level 5 spell: Silence
  4686 | D:5      | Noticed Eustachio
  4717 | D:5      | Killed Eustachio
  4717 | D:5      | Reached skill level 8 in Short Blades
  4897 | D:5      | Reached skill level 5 in Evocations
  4919 | D:5      | Reached XP level 9. HP: 56/56 MP: 12/12
  5586 | D:6      | Reached skill level 9 in Short Blades
  5781 | D:6      | Reached skill level 5 in Dodging
  5789 | D:6      | Gained mutation: You are weak. (Str -2) [mutagenic meat]
  5791 | D:6      | Gained mutation: You possess an exceptional clarity of mind. [mutagenic meat]
  5851 | D:6      | Found a sand-covered staircase.
  5872 | Ossuary  | Entered an ossuary
  6504 | D:6      | Reached skill level 10 in Short Blades
  6631 | D:6      | Found a snail-covered altar of Cheibriados.
  6662 | D:6      | Found an opulent altar of Gozag.
  6928 | D:6      | Reached XP level 10. HP: 63/63 MP: 15/15
  7158 | D:6      | Found Gigh's Jewellery Emporium.
  7331 | D:7      | Found a deep blue altar of Sif Muna.
  7482 | D:7      | Noticed Duvessa
  7482 | D:7      | Noticed Dowan
  7492 | D:7      | Killed Duvessa
  7493 | D:7      | Killed Dowan
  7879 | D:7      | Found Axkyl's Magic Scroll Shop.
  8006 | D:7      | Found Odwets's Distillery.
  8023 | D:7      | Found Dos Qoc's Armour Emporium.
  8030 | D:7      | Reached skill level 11 in Short Blades
  8345 | D:8      | Noticed Joseph
  8365 | D:8      | Killed Joseph
  9467 | D:9      | Noticed a hill giant
  9558 | D:9      | Killed a hill giant
  9558 | D:9      | Reached skill level 12 in Short Blades
  9558 | D:9      | Reached XP level 11. HP: 66/69 MP: 15/17
  9738 | D:10     | Entered Level 10 of the Dungeon
  9738 | D:10     | Found Rakhuil's Gadget Shop.
 10488 | D:10     | Reached skill level 13 in Short Blades
 10502 | D:10     | Found a blossoming altar of Fedhas.
 10944 | D:11     | Found a staircase to the Lair.
 10989 | D:11     | Reached skill level 5 in Fighting
 11376 | D:11     | Noticed Maud
 11382 | D:11     | Noticed Nergalle
 11394 | D:11     | Killed Maud
 11400 | D:11     | Noticed a spectral orc warlord
 11648 | D:7      | Bought a scroll of acquirement for 572 gold pieces
 12065 | D:11     | Reached skill level 14 in Short Blades
 12073 | D:11     | Reached XP level 12. HP: 64/77 MP: 18/18
 12548 | D:11     | Noticed Josephine
 12646 | Lair:1   | Entered Level 1 of the Lair of Beasts
 12648 | Lair:1   | Noticed Urug
 12674 | Lair:1   | Killed Urug
 12807 | Lair:1   | Reached skill level 10 in Stealth
 13597 | Lair:2   | Got an ominously black robe
 13598 | Lair:2   | Identified the +1 robe of the Turtle {-Cast rElec Int+6 Dex+4} (You found it on level 2 of the Lair of Beasts)
 14638 | Lair:3   | Noticed Canard's ghost (journeyman MiGl)
 14642 | Lair:3   | Reached skill level 15 in Short Blades
 14657 | Lair:3   | Killed Canard's ghost
 14876 | Lair:3   | Reached XP level 13. HP: 86/86 MP: 17/19
 15118 | Lair:3   | Reached skill level 10 in Dodging
 16080 | Lair:3   | Found a staircase to the Swamp.
 17252 | Lair:5   | Reached skill level 16 in Short Blades
 18423 | Lair:5   | Reached XP level 14. HP: 95/95 MP: 17/20
 19228 | Lair:6   | Found a staircase to the Snake Pit.
 21174 | Lair:7   | Reached skill level 17 in Short Blades
 21479 | Lair:7   | Reached skill level 1 in Hexes
 22045 | Lair:8   | Entered Level 8 of the Lair of Beasts
 22441 | Lair:8   | Learned a level 6 spell: Haste
 22514 | Lair:8   | Found a staircase to the Slime Pits.
 22608 | Lair:8   | Reached skill level 1 in Charms
 23203 | Lair:8   | Reached skill level 10 in Fighting
 23203 | Lair:8   | Reached XP level 15. HP: 95/103 MP: 18/21
 23659 | Lair:8   | Paralysed by a wasp for 2 turns
 25479 | D:12     | Found a staircase to the Orcish Mines.
 25489 | D:12     | Identified the Disquisition on Weightlessness (You found it on level 12 of the Dungeon)
 25493 | D:12     | Learned a level 2 spell: Repel Missiles
 25735 | D:12     | Reached skill level 5 in Charms
 26116 | Orc:1    | Entered Level 1 of the Orcish Mines
 26595 | Orc:1    | You are sucked into a shaft!
 26838 | Orc:2    | Found a roughly hewn altar of Beogh.
 27439 | Orc:3    | Found a staircase to the Elven Halls.
 27948 | Orc:4    | Entered Level 4 of the Orcish Mines
 28166 | Orc:3    | Noticed Sonja
 28169 | Orc:3    | Killed Sonja
 28210 | Orc:3    | Found Wiynirir's Quality Used Wands.
 28791 | Orc:4    | Found a radiant altar of Vehumet.
 29992 | Orc:4    | Reached XP level 16. HP: 104/112 MP: 19/22
 30190 | Orc:4    | Found Elomyvi's Weapon Boutique.
 30201 | Orc:4    | Found Ypreny's Gadget Shop.
 30202 | Orc:4    | Found Fumieg's Book Boutique.
 30203 | Orc:4    | Found Kituxa Mexu's Book Boutique.
 30213 | Orc:4    | Bought a wand of heal wounds (6) for 900 gold pieces
 30947 | D:6      | Bought an uncursed ring of poison resistance for 240 gold pieces
 31190 | Swamp:1  | Entered Level 1 of the Swamp
 31190 | Swamp:1  | Noticed a thorn hunter
 31197 | Swamp:1  | Killed a thorn hunter
 32216 | Swamp:1  | You are sucked into a shaft!
 33316 | Swamp:3  | Reached skill level 18 in Short Blades
 33944 | Swamp:3  | Noticed a thorn hunter
 33961 | Swamp:3  | Killed a thorn hunter
 34626 | Swamp:4  | Entered Level 4 of the Swamp
 35139 | Swamp:4  | Noticed a thorn hunter
 35151 | Swamp:4  | Reached XP level 17. HP: 107/119 MP: 23/23
 36007 | Swamp:4  | Got a decaying rune of Zot
 36108 | Swamp:4  | Reached skill level 15 in Dodging
 36761 | Snake:1  | Entered Level 1 of the Snake Pit
 36770 | Snake:1  | Found Toxt's Distillery.
 36807 | Snake:1  | Bought a potion of heal wounds for 70 gold pieces
 36807 | Snake:1  | Bought a potion of curing for 42 gold pieces
 36807 | Snake:1  | Bought a potion of might for 56 gold pieces
 36807 | Snake:1  | Bought a potion of might for 56 gold pieces
 36847 | Snake:1  | Found Fozetiff's Jewellery Shoppe.
 36894 | Snake:1  | Found Iwux Neeg's Gadget Emporium.
 37048 | Lair:8   | Learned a level 3 spell: Confuse
 37489 | Orc:4    | Bought a book of Party Tricks for 800 gold pieces
 37796 | D:13     | Found a runed door.
 37948 | D:13     | Noticed Snorg
 37960 | D:13     | Killed Snorg
 38109 | D:13     | Reached skill level 1 in Spellcasting
 39026 | D:14     | Noticed Kirke
 39363 | D:14     | Killed Kirke
 39363 | D:14     | Reached skill level 5 in Hexes
 39548 | D:14     | Found a gate to the Vaults.
 40117 | D:14     | Learned a level 3 spell: Tukima's Dance
 40135 | D:14     | Noticed Nessos
 40142 | D:14     | Killed Nessos
 40711 | D:15     | Entered Level 15 of the Dungeon
 40960 | Lair:3   | Reached XP level 18. HP: 123/126 MP: 24/24
 41307 | Snake:1  | Bought a wand of teleportation (3) for 315 gold pieces
 41385 | Snake:1  | Found Saabir's Food Shop.
 41829 | Snake:1  | Bought the ring "Mafenkera" {rElec rF+ SInv} for 468 gold pieces
 42098 | Snake:1  | Learned a level 1 spell: Summon Butterflies
 43496 | Slime:1  | Entered Level 1 of the Pits of Slime
 43534 | Slime:6  | Entered Level 6 of the Pits of Slime
 43561 | Slime:6  | Found a viscous altar of Jiyva.
 43563 | Slime:6  | Noticed the royal jelly
 43566 | Slime:6  | Became a worshipper of Jiyva Japeyqen the Shapeless
 44212 | Vaults:1 | Entered Level 1 of the Vaults
 44529 | Vaults:1 | Reached * piety under Jiyva
 44639 | Vaults:1 | Reached ** piety under Jiyva
 44782 | Vaults:1 | Reached *** piety under Jiyva
 44813 | Vaults:1 | Reached skill level 5 in Spellcasting
 45304 | D:14     | Reached **** piety under Jiyva
 45311 | D:14     | Gained mutation: You have a small jelly attached to you that senses nearby items. [Jiyva's grace]
 45326 | D:14     | Reached ***** piety under Jiyva
 45343 | D:15     | Found Gaxih's General Store.
 45406 | D:15     | Lost mutation: You are weak. (Str -2) [Jiyva's grace]
 45451 | D:15     | Gained mutation: Scrolls take you a little longer to read. [Jiyva's grace]
 45693 | D:15     | Reached skill level 19 in Short Blades
 45808 | D:15     | Gained mutation: You are agile. (Dex +2) [Jiyva's grace]
 45868 | D:15     | Found a staircase to the Depths.
 46119 | Elf:1    | Entered Level 1 of the Elven Halls
 46507 | Elf:1    | Gained mutation: You have acidic saliva. [Jiyva's grace]
 46667 | Elf:1    | Reached ****** piety under Jiyva
 46747 | Elf:1    | Reached skill level 10 in Hexes
 46959 | Elf:1    | Gained mutation: You are somewhat resistant to both further mutation and mutation removal. [Jiyva's grace]
 47229 | D:11     | Killed Nergalle
 47282 | Lair:2   | Noticed a six-headed hydra
 47294 | Lair:2   | Killed a six-headed hydra
 47604 | Slime:6  | Lost mutation: You possess an exceptional clarity of mind. [Jiyva's grace]
 47608 | Slime:6  | Gained mutation: You are very agile. (Dex +4) [Jiyva's grace]
 47610 | Slime:6  | Lost mutation: You are somewhat resistant to both further mutation and mutation removal. [Jiyva's grace]
 47610 | Slime:6  | Gained mutation: You evolve. [Jiyva's grace]
 47617 | Slime:6  | Gained mutation: Armour fits poorly on your pseudopods. [Jiyva's grace]
 47624 | Slime:6  | Gained mutation: Your rubbery body absorbs attacks (AC +1). [Jiyva's grace]
 47626 | Slime:6  | Got a slimy rune of Zot
 47635 | Slime:6  | Got a jewelled dagger
 47638 | Slime:6  | Identified the Collected Works on the Birds
 47642 | Slime:6  | Identified the +10 dagger "Bewna" {freeze, rElec Dex+3} (You found it on level 6 of the Pits of Slime)
 48059 | Snake:1  | Reached XP level 19. HP: 118/133 MP: 26/26
 48286 | Snake:3  | Lost mutation: You are very agile. (Dex +4) [Jiyva's grace]
 48513 | Snake:3  | Got a twisted leather armour
 48520 | Snake:3  | Identified the +0 leather armour of Utzisir {Int+4} (You found it on level 3 of the Snake Pit)
 48742 | Snake:2  | Lost mutation: You have a small jelly attached to you that senses nearby items. [Jiyva's grace]
 49147 | Snake:3  | Learned a level 6 spell: Deflect Missiles
 49200 | Snake:4  | Entered Level 4 of the Snake Pit
 49512 | Snake:4  | Gained mutation: You have large cloven feet. [evolution]
 49674 | Snake:4  | Noticed Agnes
 49679 | Snake:4  | Slimified Agnes
 49679 | Snake:4  | Noticed Agnes
 49679 | Snake:4  | Agnes changed into Agnes the slime creature
 49717 | Snake:4  | Gained mutation: You are partially covered in large bone plates (AC +2, SH +2). [Jiyva's grace]
 50049 | Snake:4  | Killed Agnes the slime creature
 50148 | Snake:4  | Noticed Jorgrun
 50161 | Snake:4  | Killed Jorgrun
 50182 | Snake:4  | Lost mutation: You are agile. (Dex +2) [Jiyva's grace]
 50286 | Snake:4  | Gained mutation: You can spit weak poison. [Jiyva's grace]
 50410 | Snake:4  | Gained mutation: You are robust (+10% HP). [Jiyva's grace]
 50666 | Snake:4  | Gained mutation: Armour fits poorly on your strangely shaped body. [Jiyva's grace]
 50737 | Snake:4  | Noticed Vashnia
 50748 | Snake:4  | Slimified Vashnia
 50748 | Snake:4  | Noticed Vashnia
 50748 | Snake:4  | Vashnia changed into Vashnia the azure jelly
 50781 | Snake:4  | Lost mutation: Armour fits poorly on your strangely shaped body. [Jiyva's grace]
 50911 | Snake:4  | Lost mutation: Scrolls take you a little longer to read. [Jiyva's grace]
 51092 | Snake:4  | Got a serpentine rune of Zot
 51402 | D:11     | Lost mutation: You are robust (+10% HP). [Jiyva's grace]
 51599 | Depths:1 | Entered Level 1 of the Depths
 51700 | Depths:1 | Lost mutation: You can spit weak poison. [Jiyva's grace]
 51830 | Depths:2 | Found a one-way gate leading to the halls of Pandemonium.
 52002 | Depths:2 | Noticed a lich
 52152 | Depths:1 | Killed a lich
 52269 | Depths:2 | Found a gateway to Hell.
 52487 | Depths:2 | Gained mutation: Scrolls take you a little longer to read. [Jiyva's grace]
 52742 | Depths:2 | Noticed Mara
 52862 | Depths:2 | Reached skill level 20 in Short Blades
 52866 | Depths:2 | Gained mutation: You possess an exceptional clarity of mind. [Jiyva's grace]
 53107 | Depths:2 | Lost mutation: Scrolls take you a little longer to read. [Jiyva's grace]
 53111 | Depths:2 | Noticed a tentacled monstrosity
 53187 | Depths:2 | Noticed a caustic shrike
 53953 | Depths:2 | Gained mutation: You are covered in fur (AC +1). [Jiyva's grace]
 54119 | Depths:2 | Reached XP level 20. HP: 140/140 MP: 25/27
 54513 | Depths:1 | Lost mutation: You are partially covered in large bone plates (AC +2, SH +2). [Jiyva's grace]
 54870 | Depths:1 | Got a translucent war axe {flame}
 55266 | Depths:3 | Gained mutation: Your spells are a little harder to cast, but a little more powerful. [Jiyva's grace]
 55521 | Depths:2 | Noticed a caustic shrike
 55521 | Depths:2 | Noticed a caustic shrike
 55521 | Depths:2 | Noticed Asterion
 55521 | Depths:2 | Noticed a lich
 55521 | Depths:2 | Noticed a caustic shrike
 55521 | Depths:2 | Noticed a caustic shrike
 55523 | Depths:2 | Mangled by a tengu reaver

Action                   |  1- 3 |  4- 6 |  7- 9 | 10-12 | 13-15 | 16-18 | 19-21 || total
-------------------------+-------+-------+-------+-------+-------+-------+-------++-------
Melee: Dagger            |    93 |   112 |   647 |   860 |   169 |    39 |   839 ||  2759
       Rapier            |       |       |       |       |  2499 |  2110 |    19 ||  4628
 Fire: Blowgun           |     7 |       |       |       |       |       |       ||     7
 Cast: Repel Missiles    |       |       |       |       |       |     5 |     5 ||    10
       Tukima's Dance    |       |       |       |       |       |    14 |     9 ||    23
       Confuse           |       |       |       |       |       |     3 |     5 ||     8
Invok: Request Jelly     |       |       |       |       |       |     2 |     3 ||     5
       Slimify           |       |       |       |       |       |     1 |    14 ||    15
 Abil: Evoke Invisibilit |       |       |     9 |    25 |    41 |    44 |    17 ||   136
       Evoke Flight      |       |       |       |       |       |     2 |       ||     2
       Stop Flying       |       |       |       |       |       |     1 |       ||     1
Evoke: Wand              |       |       |       |     1 |     9 |     5 |     7 ||    22
       Stone of tremors  |       |       |       |       |       |       |     1 ||     1
  Use: Potion            |     1 |       |       |     2 |       |     8 |    11 ||    22
       Scroll            |       |    10 |     9 |    15 |    10 |    18 |     9 ||    71
 Stab: Sleeping          |     8 |     9 |    15 |    40 |    84 |    69 |    23 ||   248
       Distracted        |       |     2 |     1 |     1 |    15 |    19 |    18 ||    56
       Invisible         |       |       |    19 |    69 |   143 |   129 |    41 ||   401
       Confused          |       |       |       |       |       |       |     1 ||     1
  Eat: Chunk             |     2 |     5 |    18 |    35 |    72 |    39 |       ||   171
       Fruit             |       |       |     3 |     2 |       |    17 |       ||    22
       Meat ration       |       |       |     1 |       |       |     3 |       ||     4
       Pizza             |       |       |       |     2 |     2 |     6 |       ||    10
       Royal jelly       |       |       |       |     1 |       |       |       ||     1
       Beef jerky        |       |       |       |       |     2 |     4 |       ||     6
